 Dungeon Crawl Stone Soup version 0.31-a0-981-geadf994542 (webtiles) character file.

Game seed: 8520577493543429123

1670 MachoJfn the Thaumaturge (level 9, -4/56 HPs)
             Began as a Djinni Ice Elementalist on Oct 27, 2023.
             Slain by a wight
             ... wielding a +3 flail
              (8 damage)
             ... on level 8 of the Dungeon on Oct 31, 2023.
             The game lasted 00:17:02 (6038 turns).

MachoJfn the Thaumaturge (Djinni Ice Elementalist)  Turns: 6038, Time: 00:17:03

Health: -4/56      AC:  4    Str: 11    XL:     9   Next: 21%
Gold:   316        EV: 13    Int: 28    God:
                   SH:  0    Dex: 15

rFire   + . .        e - staff of cold
rCold   + + .        (no shield)
rNeg    . . .        w - +2 robe of the Skies Above {Str+4 Int+5}
rPois   ∞            d - +0 hat {Int+3}
rElec   .            n - scarf {repulsion}
rCorr   .            (no gloves)
SInv    .            (boots unavailable)
Will    .....        (no amulet)
Stlth   ++           r - ring of ice
HPRegen 0.29/turn    a - ring of protection from cold
MPRegen 0.00/turn

%: repel missiles, infuse magic (-5 HP)
@: flying
A: sickness immunity, fire resistance 2, cold vulnerability 1, float, innate
caster, HP casting, extra vitality 1
a: no special abilities


You were on level 8 of the Dungeon.
You visited 1 branch of the dungeon, and saw 8 of its levels.

You collected 316 gold pieces.

Inventory:

Missiles
 b - 56 stones
 i - 6 boomerangs
 k - 3 datura-tipped darts
 s - 20 poisoned darts
Armour
 d - a +0 hat of intelligence (worn)
 n - a scarf of repulsion (worn)
 q - a +0 helmet
 w - the +2 robe of the Skies Above (worn) {Str+4 Int+5}
   (You found it on level 4 of the Dungeon)

   Str+4:     It affects your strength (+4).
   Int+5:     It affects your intelligence (+5).
Magical Staves
 e - a staff of cold (weapon)
Jewellery
 a - a ring of protection from cold (right hand)
 r - a ring of ice (left hand)
Wands
 c - a wand of roots (12)
Scrolls
 g - 2 scrolls of vulnerability
 l - 3 scrolls of teleportation
 m - a scroll of enchant weapon
 p - a scroll of summoning {unknown}
Potions
 f - 2 potions of enlightenment
 j - a potion of haste
 o - a potion of attraction


   Skills:
 + Level 0.7 Fighting
 + Level 0.5 Staves
 + Level 4.0 Dodging
 + Level 3.1 Stealth
 * Level 8.3 Spellcasting
 * Level 8.3 Conjurations
 * Level 8.3 Hexes
 * Level 8.3 Summonings
 * Level 8.3 Necromancy
 * Level 8.3 Translocations
 * Level 8.3 Transmutations
 * Level 8.3 Fire Magic
 * Level 8.3 Ice Magic
 * Level 8.3 Air Magic
 * Level 8.3 Earth Magic
 * Level 8.3 Poison Magic


You knew the following spells:

 Your Spells              Type           Power      Damage    Failure   Level
a - Freeze                Ice            100%       1d10      1%          1
b - Frozen Ramparts       Ice            100%       1d16      1%          3
c - Ozocubu's Armour      Ice            93%        N/A       1%          3
d - Summon Ice Beast      Ice/Summ       93%        N/A       1%          4
e - Kiss of Death         Conj/Necr      100%       2d13      1%          1
f - Call Imp              Summ           100%       N/A       1%          2
g - Wereblood             Tmut           55%        N/A       1%          2
h - Mephitic Cloud        Conj/Pois/Air  55%        N/A       1%          3
Your spell library was empty.

Dungeon Overview and Level Annotations

Branches:
Dungeon (8/15)
 Temple: D:4-7         Lair: D:8-11

Altars:

Shops:
D:1 *   D:3 ?   D:6 [

Annotations:
D:7 Joseph


Innate Abilities, Weirdness & Mutations

You are immune to sickness and miasma.
You are immune to poison.
Your flesh is very heat resistant. (rF++)
You are vulnerable to cold. (rC-)
You float through the air rather than walking.
You learn spells naturally, not from books.
Your magical power is your life essence.
You have superior vitality. (+4 MHP)


Message History

You feel a strong surge of power!
You freeze the wight.
The wight resists.
The wight is lightly damaged.
* * * LOW HITPOINT WARNING * * *
The wight resists.
The wall freezes the wight.
The wight hits you from afar with a +3 spear.
* * * LOW HITPOINT WARNING * * *
The wight misses you.
A wight comes into view. It is wielding a +3 flail.
Your ice beast hits the wight but does no damage.
Unknown command.
You feel much better.
The wight completely resists.
The wall freezes the wight but does no damage.
The wight closely misses you. The wight hits you with a +2 falchion!
The wight completely resists.
The wall freezes the wight but does no damage.
The wight hits you with a +0 scimitar.
Your ice beast hits the wight but does no damage.
As you read the scroll of teleportation, it crumbles to dust.
You feel strangely unstable.
The wight resists.
The wall freezes the wight.
The wight hits you from afar with a +3 spear.
The wight hits you with a +2 falchion!
* * * LOW HITPOINT WARNING * * *
The wight closely misses your ice beast.
The wight resists.
The wall freezes the wight.
The wight hits you with a +0 scimitar!
* * * LOW HITPOINT WARNING * * *
Your ice beast hits the wight.
Your ice beast freezes the wight.
The wight resists.
Casting: Freeze (safe; 1% risk of failure)
Confirm with . or Enter, or press ? or * to list all spells.
Okay, then.
The frozen ramparts melt away as you move.
Found a runed dagger.
The wight attacks as it pursues you! The wight misses you.
Your surroundings seem slightly different.
The wight closely misses your ice beast.
The wight hits your ice beast with a +3 mace.
Your ice beast closely misses the wight.
The wight attacks as it pursues you! The wight hits you with a +3 flail!
You die...

... ..##..#.......#
#.. ...........####
### ######....#
##.#### #...# #...#
#...# #...# #@..#
#.#########z.)######.
#).....zYz..))......
##.....z............
#.#......z.........#
.. #.#####....#.#####
. #. #..).#.# #.
#....#.# . #....#.#


You could see 3 wights.

Vanquished Creatures
  Sigmund (D:5)
  Duvessa (D:4)
  A black bear (D:5)
  An ice beast (D:8)
  An ogre (D:5)
  A phantom (D:6)
  A kobold brigand (D:8)
  2 scorpions
  Dowan (D:4)
  3 howler monkeys (D:8)
  3 jellies
  2 hounds
  An iguana (D:4)
  An orc wizard (D:6)
  3 adders
  4 gnolls (D:4)
  A shadow imp (D:5)
  A white imp (D:6)
  2 ufetubi (D:6)
  A worm (D:2)
  2 dart slugs
  8 orcs
  6 ball pythons
  6 bats
  6 endoplasms
  A giant cockroach (D:4)
  2 goblins
  3 hobgoblins
  4 jackals (D:3)
  11 kobolds
  4 quokkas
  A frilled lizard (D:1)
  6 rats
92 creatures vanquished.

Vanquished Creatures (collateral kills)
  Grinder (D:4)
  A black bear (D:5)
  A hound (D:5)
  An iguana (D:6)
  An orc wizard (D:6)
  A white imp (D:5)
  2 ufetubi (D:6)
  An orc (D:6)
9 creatures vanquished.

Grand Total: 101 creatures vanquished

Notes
Turn   | Place    | Note
-------+----------+-------------------------------------------
     0 | D:1      | MachoJfn the Djinni Ice Elementalist began the quest for
                  | the Orb.
     0 | D:1      | MachoJfn set off with the following spells memorised:
                  | Freeze, Frozen Ramparts, Ozocubu's Armour, Summon Ice
                  | Beast.
     0 | D:1      | Reached XP level 1. HP: 15/15 MP: 0/0
   212 | D:1      | Reached XP level 2. HP: 20/21 MP: 0/0
   529 | D:1      | Found Magira's Assorted Antiques.
  1074 | D:2      | Reached XP level 3. HP: 18/25 MP: 0/0
  1074 | D:2      | Learned a level 1 spell: Kiss of Death
  1845 | D:2      | Upgraded the game from 0.31-a0-968-g24f9ace8b5 to
                  | 0.31-a0-981-geadf994542
  2002 | D:3      | Reached XP level 4. HP: 30/31 MP: 0/0
  2052 | D:3      | Found The Oracle's Delphic Readings.
  2698 | D:4      | Noticed a scorpion
  2706 | D:4      | Killed a scorpion
  2707 | D:4      | Reached XP level 5. HP: 28/35 MP: 0/0
  2707 | D:4      | Learned a level 2 spell: Call Imp
  2769 | D:4      | Noticed Duvessa
  2769 | D:4      | Noticed Dowan
  2772 | D:4      | Killed Dowan
  2775 | D:4      | Killed Duvessa
  2776 | D:4      | Reached skill level 5 in Spellcasting
  2776 | D:4      | Reached skill level 5 in Conjurations
  2776 | D:4      | Reached skill level 5 in Hexes
  2776 | D:4      | Reached skill level 5 in Summonings
  2776 | D:4      | Reached skill level 5 in Necromancy
  2776 | D:4      | Reached skill level 5 in Translocations
  2776 | D:4      | Reached skill level 5 in Transmutations
  2776 | D:4      | Reached skill level 5 in Fire Magic
  2776 | D:4      | Reached skill level 5 in Ice Magic
  2776 | D:4      | Reached skill level 5 in Air Magic
  2776 | D:4      | Reached skill level 5 in Earth Magic
  2776 | D:4      | Reached skill level 5 in Poison Magic
  2776 | D:4      | Reached XP level 6. HP: 10/40 MP: 0/0
  2964 | D:4      | Identified the +2 robe of the Skies Above {Str+4 Int+5}
  3107 | D:4      | Reached XP level 7. HP: 38/45 MP: 0/0
  3107 | D:4      | Learned a level 2 spell: Wereblood
  3197 | D:4      | Noticed Grinder
  3220 | D:4      | Killed Grinder
  3554 | D:5      | Entered Level 5 of the Dungeon
  3653 | D:5      | Reached XP level 8. HP: 39/50 MP: 0/0
  3715 | D:5      | Noticed Sigmund
  3719 | D:5      | Killed Sigmund
  5057 | D:6      | Found Gaemp's Armour Shoppe.
  5443 | D:6      | You are sucked into a shaft and drop 2 floors!
  5464 | D:8      | Reached XP level 9. HP: 49/56 MP: 0/0
  5464 | D:8      | Learned a level 3 spell: Mephitic Cloud
  5481 | D:7      | Noticed Joseph
  6033 | D:8      | HP: 2/56 [wight/+0 scimitar (10)]
  6038 | D:8      | Slain by a wight

Illustrated notes

Levels and vault maps discovered:
D:1:      dpeg_arrival_rooms_b, layout_basic, serial_shops,
          nicolae_shop_waterfront
D:2:      layout_basic, lemuel_flame_loot_1
D:3:      layout_loops_cross, hangedman_decor_lopped,
          nicolae_nh_oracle_at_delphi
D:4:      layout_rooms, uniq_grinder, uniq_duvessa
D:5:      layout_gridville, uniq_sigmund
D:6:      layout_gridville, minmay_temple_entry_junction, serial_shops, shop
D:7:      layout_loops_cross, mainiacjoe_overflow_surrounded_room, uniq_joseph,
          uniq_pikel, uniq_crazy_yiuf_cottage, uniq_menkaure
D:8:      layout_loops_cross

Skill      XL: |  1  2  3  4  5  6  7  8  9 |
---------------+----------------------------+-----
Stealth        | 2 3 |  3.1
Spellcasting   | 4 5 6 7 8 |  8.3
Conjurations   | 4 5 6 7 8 |  8.3
Hexes          | 4 5 6 7 8 |  8.3
Summonings     | 4 5 6 7 8 |  8.3
Necromancy     | 4 5 6 7 8 |  8.3
Translocations | 4 5 6 7 8 |  8.3
Transmutations | 4 5 6 7 8 |  8.3
Fire Magic     | 4 5 6 7 8 |  8.3
Ice Magic      | 4 5 6 7 8 |  8.3
Air Magic      | 4 5 6 7 8 |  8.3
Earth Magic    | 4 5 6 7 8 |  8.3
Poison Magic   | 4 5 6 7 8 |  8.3
Dodging        | 3 4 |  4.0
Fighting       | |  0.7
Staves         | |  0.5

Action                     |  1- 3 |  4- 6 |  7- 9 || total
---------------------------+-------+-------+-------++-------
  Melee: Unarmed           |     1 |       |       ||     1
         Staff             |     2 |       |     6 ||     8
   Cast: Freeze            |    44 |    27 |    46 ||   117
         Frozen Ramparts   |     2 |     7 |    32 ||    41
         Ozocubu's Armour  |       |     4 |    13 ||    17
         Summon Ice Beast  |       |       |    18 ||    18
         Mephitic Cloud    |       |       |     1 ||     1
         Wereblood         |       |       |     1 ||     1
         Kiss of Death     |       |       |     1 ||     1
    Use: Scroll            |     8 |       |     9 ||    17
         Potion            |       |       |     6 ||     6
 Armour: Robe              |    22 |     6 |    40 ||    68
  Dodge: Dodged            |    26 |    18 |    40 ||    84
         Repelled          |       |     1 |     1 ||     2

Table legend: (Time is in decaauts)
 A = Elapsed time spent in this place.
 B = Non-inter-level travel time spent in this place.
 C = Inter-level travel time spent in this place.
 D = Time resting spent in this place.
 E = Time spent auto-exploring this place.
 F = Levels seen in this place.
 G = Mean time per level.
                   A        B        C        D        E       F      G
               +--------+--------+--------+--------+--------+-----+--------+
         Total |   6036 |   5604 |    432 |   1399 |   3280 |   8 |  754.5 |
       Dungeon |   6036 |   5604 |    432 |   1399 |   3280 |   8 |  754.5 |
               +--------+--------+--------+--------+--------+-----+--------+

Top non-repeatable levels by time:
     D:5: 1437 daAuts
     D:1: 1068 daAuts
     D:4: 885 daAuts
     D:3: 815 daAuts
     D:2: 783 daAuts
     D:8: 589 daAuts
     D:6: 450 daAuts
     D:7: 6 daAuts
